 Dungeon Crawl Stone Soup version 0.25-a0-696-g42a9e46 (webtiles) character file.

Game seed: 13271729173677543107, levelgen mode: deterministic

209 Faels the Sneak (level 6, 0/37 HPs)
             Began as a Kobold Assassin on Mar 30, 2020.
             Was a Follower of Okawaru.
             Slain by a centaur zombie (3 damage)
             ... on level 3 of the Dungeon.
             The game lasted 00:06:58 (1950 turns).

Faels the Sneak (Kobold Assassin)                   Turns: 1950, Time: 00:06:58

Health: 0/37       AC:  7    Str: 11    XL:     6   Next: 12%
Magic:  4/6        EV: 18    Int: 12    God:    Okawaru [*.....]
Gold:   63         SH:  0    Dex: 16    Spells: 5/5 levels left

rFire    . . .     SeeInvis +   a - +2 dagger
rCold    . . .     Gourm    .   (shield restricted)
rNeg     . . .     Faith    .   k - +0 ring mail
rPois    .         Spirit   .   (no helmet)
rElec    .         Reflect  .   c - +0 cloak
rCorr    .         Harm     .   (no gloves)
MR       +....                  (no boots)
Stlth    ++++......             (no amulet)
HPRegen  0.12/turn              j - ring of see invisible
MPRegen  0.10/turn              p - ring of protection from magic

@: heroism
A: small, carnivore
a: Heroism, Renounce Religion


You were on level 3 of the Dungeon.
You worshipped Okawaru.
Okawaru was aware of your devotion.
You were completely stuffed.

You visited 1 branch of the dungeon, and saw 3 of its levels.

You collected 63 gold pieces.

Inventory:

Hand Weapons
 a - a +2 dagger (weapon)
Missiles
 d - 7 poisoned darts (quivered)
 e - 2 curare-tipped darts
Armour
 b - a +0 robe
 c - a +0 cloak (worn)
 k - a +0 ring mail (worn)
Jewellery
 j - a ring of see invisible (left hand)
 p - a ring of protection from magic (right hand)
 r - a +6 ring of slaying {unknown}
Scrolls
 g - a scroll of fog {unknown}
 m - a scroll of magic mapping {unknown}
 n - 2 scrolls of identify {unknown}
Potions
 h - 3 potions of curing {unknown}
 i - 2 potions of might {unknown}
 l - a potion of resistance {unknown}
 o - a potion of cancellation {unknown}
Comestibles
 f - 3 rations
 q - 2 chunks of flesh


   Skills:
 + Level 3.4(8.4) Fighting
 + Level 4.2(9.2) Short Blades
 + Level 3.5(8.5) Throwing
 + Level 3.0(8.0) Dodging
 + Level 6.4(11.4) Stealth


You had 5 spell levels left.
You didn't know any spells.
Your spell library was empty.

Dungeon Overview and Level Annotations

Branches:
Dungeon (3/15)

Altars:
Okawaru
Ru


Innate Abilities, Weirdness & Mutations

You are small and have problems with some larger weapons.
You are carnivorous and can eat meat at any time.


Message History

The centaur zombie closely misses you.
You hit the centaur zombie.
The centaur zombie is heavily damaged.
The centaur zombie hits you.
You gain the combat prowess of a mighty hero.
The centaur zombie hits you.
You hit the centaur zombie.
The centaur zombie is severely damaged.
The centaur zombie hits you.
* * * LOW HITPOINT WARNING * * *
You hit the centaur zombie but do no damage.
The centaur zombie is severely damaged.
The centaur zombie hits you!
* * * LOW HITPOINT WARNING * * *
You hit the centaur zombie.
The centaur zombie is severely damaged.
You hit the centaur zombie but do no damage.
The centaur zombie is severely damaged.
The centaur zombie hits you.
You die...

#.(#.###..##....>#.#
#...(.....#####.#.#
#.....#...#####...#
.###..#...........# .#
#.#...######..[#
.###.....# #...# ###
#.).....#######.%.#...##
##.............†........
##..............@Z......
##......................
...#...########...#...#.
#..#...# #...#####
#.###### #...# #. .....
#. #...#. #......


You could see a centaur zombie.

Vanquished Creatures
  Sigmund (D:2)
  A worker ant zombie (D:3)
  2 worms
  A dart slug (D:2)
  A leopard gecko (D:2)
  3 giant cockroaches
  3 goblins
  3 hobgoblins
  12 bats
  2 frilled lizards (D:2)
  2 kobolds
  5 rats
36 creatures vanquished.

Notes
Turn   | Place    | Note
-------+----------+-------------------------------------------
     0 | D:1      | Faels the Kobold Assassin began the quest for the Orb.
     0 | D:1      | Reached XP level 1. HP: 12/12 MP: 1/1
   220 | D:1      | Reached XP level 2. HP: 14/18 MP: 2/2
   868 | D:2      | Found an iron altar of Okawaru,
   873 | D:2      | Became a worshipper of Warmaster Okawaru
   966 | D:2      | Reached XP level 3. HP: 16/22 MP: 3/3
  1093 | D:2      | Found a sacrificial altar of Ru,
  1639 | D:2      | Noticed Sigmund
  1657 | D:2      | Killed Sigmund
  1657 | D:2      | Reached * piety under Okawaru
  1657 | D:2      | Reached skill level 6 in Stealth
  1657 | D:2      | Reached XP level 4. HP: 23/28 MP: 4/4
  1657 | D:2      | Reached XP level 5. HP: 27/32 MP: 5/5
  1657 | D:2      | Reached XP level 6. HP: 31/37 MP: 6/6
  1950 | D:3      | Slain by a centaur zombie

Levels and vault maps discovered:
D:1:      wheals_arrival_linesprint, layout_rooms
D:2:      layout_loops_ring, marbit_many_paths, hangedman_ru_absence,
          uniq_sigmund
D:3:      layout_loops_cross, chequers_temple_overflow_minitemple,
          corexii_item_surrounded_by_moat, uniq_natasha

Skill      XL: |  1  2  3 |
---------------+----------+-----
Short Blades   | 3 4 |  4.2
Dodging        | 3 |  3.0
Fighting       | 3 |  3.4
Throwing       | 3 |  3.5
Stealth        | 6 |  6.4

Action                   |  1- 3 |  4- 6 || total
-------------------------+-------+-------++-------
Melee: Dagger            |    99 |    36 ||   135
Throw: Dart              |     6 |       ||     6
Invok: Heroism           |       |     1 ||     1
 Stab: Sleeping          |     6 |     2 ||     8
  Eat: Chunk             |    11 |     1 ||    12
Armor: Robe              |     8 |       ||     8
       Ring mail         |    10 |     5 ||    15
Dodge: Dodged            |    75 |    13 ||    88

Table legend:
 A = Non-vault XP
 B = Vault XP
 C = Vault XP percentage of total XP
 D = Non-vault monster count
 E = Vault monster count
 F = Vault count percentage of total count
                 A         B        C        D         E       F
            +---------+---------+-------+---------+---------+-------
      Total |      75 |     224 |  74.9 |      34 |       2 |   5.6
            +---------+---------+-------+---------+---------+-------
        D:1 |      20 |       0 |   0.0 |      12 |       0 |   0.0
        D:2 |      26 |     224 |  89.6 |      16 |       2 |  11.1
        D:3 |      29 |       0 |   0.0 |       6 |       0 |   0.0
            +---------+---------+-------+---------+---------+-------
